 Dungeon Crawl Stone Soup version 0.26-a0-259-g1effd001a9 (webtiles) character file.

Game seed: 18212078603935939114

49 Lugonue the Firebug (level 3, -3/19 HPs)
             Began as a Deep Elf Fire Elementalist on July 24, 2020.
             Slain by a goblin
             ... wielding a +0 dagger
             ... led by Robin
              (4 damage)
             ... on level 2 of the Dungeon.
             The game lasted 00:01:59 (1949 turns).

Lugonue the Firebug (Deep Elf Fire Elementalist)    Turns: 1949, Time: 00:02:00

Health: -3/19      AC:  2    Str:  5    XL:     3   Next: 53%
Magic:  9/10       EV: 13    Int: 20    God:
Gold:   52         SH:  0    Dex: 15    Spells: 8/9 levels left

rFire    . . .     SeeInvis .   (no weapon)
rCold    . . .     Faith    .   (no shield)
rNeg     . . .     Spirit   .   a - +0 robe
rPois    .         Reflect  .   (no helmet)
rElec    .         Harm     .   (no cloak)
rCorr    .                      (no gloves)
MR       .....                  (no boots)
Stlth    ++........             (no amulet)
HPRegen  0.06/turn              (no ring)
MPRegen  0.12/turn              (no ring)

@: about to teleport
A: no striking features
a: no special abilities


You were on level 2 of the Dungeon.
You were not hungry.

You visited 1 branch of the dungeon, and saw 2 of its levels.

You collected 52 gold pieces.

Inventory:

Armour
 a - a +0 robe (worn)
Scrolls
 d - a scroll of random uselessness {unknown}
 e - 2 scrolls of identify
 f - a scroll of immolation {unknown}
 g - a scroll of fear {unknown}
Comestibles
 c - 5 rations


   Skills:
 * Level 2.7 Dodging
 + Level 2.8 Stealth
 * Level 3.9 Spellcasting
 + Level 1.8 Conjurations
 + Level 3.9 Fire Magic


You had 8 spell levels left.
You knew the following spells:

 Your Spells              Type           Power        Failure   Level
a - Foxfire               Conj/Fire      ###.         4%          1

Your spell library contained the following spells:

 Spells                   Type           Power        Failure   Level
 Conjure Flame            Conj/Fire      ###.....     12%         3
 Inner Flame              Hex/Fire       ##......     17%         3
 Sticky Flame             Conj/Fire      ###.....     36%         4
 Fireball                 Conj/Fire      ###.......   73%         5


Dungeon Overview and Level Annotations

Branches:
Dungeon (2/15)

Altars:

Annotations:
D:2 Robin


Message History

Confirm with . or Enter, or press ? or * to list all spells.
Nothing appears to happen.
The goblin closely misses you. The goblin hits you but does no damage.
You aren't carrying any items that you can evoke.
Unknown command.
As you read the scroll labeled DEREIMEHOU, it crumbles to dust.
You feel blessed for a moment.
It was a scroll of remove curse.
The goblin barely misses you.
Robin roars a battlecry!
The goblins go into a battle-frenzy!
The goblin hits you with a +0 dagger.
As you read the scroll labeled JERAASS VOAWA, it crumbles to dust.
It is a scroll of identify.
h - a scroll of teleportation The goblin closely misses you.
The goblin hits you with a +0 dagger!
As you read the scroll of teleportation, it crumbles to dust.
You feel strangely unstable. The goblin hits you with a +0 club!
* * * LOW HITPOINT WARNING * * *
The goblin hits you with a +0 dagger.
You die...

#####.##....#.####.#.#
.......#.##.#.####...#
.................#####
.......#.#.##.##.#
.......#.#....##.#
....)..#.#..####.#
#.####.#.#..# #.# #.#
##.#....# #g#
#.###....##.# #@#
#....<....>.####g#
...##..........#g#
...##..........#g#
...##..........#g#
...####........#.#
.).# #...######g# ...#
#...# #...# ...# #...#
#.###


You could see Robin and 5 goblins.

Vanquished Creatures
  2 oozes (D:1)
  2 dart slugs (D:1)
  5 leopard geckos
  A ball python (D:1)
  3 bats (D:1)
  A giant cockroach (D:1)
  2 goblins
  7 hobgoblins
  2 frilled lizards
  3 kobolds (D:1)
  2 rats
30 creatures vanquished.

Vanquished Creatures (others)
  144 foxfires
144 creatures vanquished.

Grand Total: 174 creatures vanquished

Notes
Turn   | Place    | Note
-------+----------+-------------------------------------------
     0 | D:1      | Lugonue the Deep Elf Fire Elementalist began the quest for
                  | the Orb.
     0 | D:1      | Reached XP level 1. HP: 10/10 MP: 6/6
   203 | D:1      | Reached XP level 2. HP: 9/15 MP: 2/8
   888 | D:1      | Reached XP level 3. HP: 11/19 MP: 1/10
  1933 | D:2      | Noticed Robin
  1949 | D:2      | Slain by a goblin

Illustrated notes

Levels and vault maps discovered:
D:1:      onia_arrival_mini_spirals, layout_loops_ring, minmay_hexomino_u4
D:2:      layout_basic, kennysheep_okawaru_gauntlet, uniq_robin, uniq_natasha

Action                   || total
-------------------------++-------
Melee: Unarmed           ||     3
 Cast: Foxfire           ||   113
  Use: Scroll            ||     3
  Eat: Ration            ||     1
Armor: Robe              ||     1
Dodge: Dodged            ||    31

Table legend:
 A = Non-vault XP
 B = Vault XP
 C = Vault XP percentage of total XP
 D = Non-vault monster count
 E = Vault monster count
 F = Vault count percentage of total count
                 A         B        C        D         E       F
            +---------+---------+-------+---------+---------+-------
      Total |      57 |      14 |  19.7 |      25 |       5 |  16.7
            +---------+---------+-------+---------+---------+-------
        D:1 |      45 |      12 |  21.1 |      19 |       4 |  17.4
        D:2 |      12 |       2 |  14.3 |       6 |       1 |  14.3
            +---------+---------+-------+---------+---------+-------
